AoeStats
← [ITCF]TANK

Oasis

507093631Analyzed
3v3 RM · 15d ago on Sep 16, 2026· 56m 2s· 6 players
Game mode
Random Map
Map size
Normal (6 player)
Population
200
Speed
Normal
Resources
Standard
Victory
Conquest
Starting age
Dark Age
Ending age
Imperial Age
RankedLock teamsTeams togetherTeam positionsShared explorationLock speedFull tech treeHidden civsTurbo modeCheats
Victory
Defeat
🇦🇹 Franks · Austria
1326
+15
🇦🇹 Bengalis · Austria
1311
+15
🇦🇹 Goths · Austria
1178
+22
🇹🇼 Japanese · Taiwan
1320
-18
🇹🇼 Britons · Taiwan
1284
-17
🇹🇼 Persians · Taiwan
1283
-17
EZ WIN
9:09 Feudal Age
9:50 Double-Bit Axe
10:13 Loom
11:04 Horse Collar
17:25 Castle Age
16:16 Fletching
16:38 Gold Mining
17:47 Padded Archer Armor
21:27 Bow Saw
24:53 Wheelbarrow
25:28 Bodkin Arrow
27:32 Leather Archer Armor
27:55 Hand Cart
32:22 Imperial Age
30:06 Bloodlines
29:56 Husbandry
30:16 Caravan
31:17 Heavy Plow
32:32 Paiks
32:23 Elite Elephant Archer
33:11 Bracer
33:24 Town Watch
34:35 Ring Archer Armor
35:57 Chemistry
36:59 Coinage
36:58 Conscription
37:43 Ballistics
41:16 Light Cavalry
45:56 Banking
47:08 Scale Barding Armor
47:14 Forging
51:21 Chain Barding Armor
51:37 Iron Casting
52:53 Plate Barding Armor
52:13 Elite Battle Elephant
56:29 Blast Furnace
CRAZY HARD PUSH
6:29 Loom
9:29 Feudal Age
12:16 Double-Bit Axe
21:17 Castle Age
23:56 Wheelbarrow
23:42 Gold Mining
23:59 Stone Mining
24:43 Bow Saw
30:14 Imperial Age
28:37 Fortified Wall
29:34 Gold Shaft Mining
29:12 Scale Mail Armor
29:45 Husbandry
29:58 Scale Barding Armor
30:35 Hand Cart
31:53 Chain Barding Armor
32:04 Forging
32:18 Ballistics
31:54 Murder Holes
33:56 Chain Mail Armor
35:04 Chemistry
34:10 Cavalier
36:35 Plate Barding Armor
36:15 Arrowslits
36:41 Masonry
37:14 Paladin
38:02 Caravan
40:21 Plate Mail Armor
40:27 Iron Casting
40:51 Architecture
41:54 Fletching
42:04 Padded Archer Armor
43:41 Blast Furnace
43:59 Chivalry
46:29 Leather Archer Armor
47:40 Bodkin Arrow
50:59 Town Watch
51:48 Town Patrol
52:12 Conscription
52:29 Hoardings
51:52 Elite Skirmisher
52:43 Siege Engineers
Namun
10:41 Feudal Age
10:17 Loom
13:13 Double-Bit Axe
15:33 Castle Age
16:03 Gold Mining
16:47 Bow Saw
16:45 Horse Collar
17:34 Heavy Plow
22:24 Stone Mining
26:55 Masonry
26:35 Town Watch
32:01 Imperial Age
30:08 Wheelbarrow
32:31 Hand Cart
34:21 Two-Man Saw
33:19 Murder Holes
33:55 Architecture
33:20 Fletching
33:31 Scale Mail Armor
33:42 Forging
33:35 Squires
34:13 Conscription
33:29 Pikeman
34:08 Bodkin Arrow
34:34 Halberdier
35:36 Chain Mail Armor
36:50 Crop Rotation
37:22 Perfusion
38:13 Iron Casting
37:40 Bracer
38:03 Ballistics
38:21 Anarchy
45:36 Elite Huskarl
55:15 Blast Furnace
[ITCF]Hentai
17:27 Feudal Age
17:31 Man-at-Arms
17:57 Arson
18:10 Double-Bit Axe
18:38 Loom
18:59 Horse Collar
20:11 Scale Mail Armor
24:01 Wheelbarrow
23:12 Town Watch
27:23 Castle Age
26:35 Stone Mining
27:06 Forging
28:06 Long Swordsman
28:47 Squires
29:25 Iron Casting
29:07 Bow Saw
28:59 Heavy Plow
29:27 Fervor
30:39 Hand Cart
30:51 Chain Mail Armor
31:09 Sanctity
31:06 Fletching
32:26 Gambesons
32:10 Pikeman
37:29 Caravan
38:07 Bodkin Arrow
38:39 Crossbowman
39:24 Thumb Ring
39:48 Padded Archer Armor
39:34 Treadmill Crane
40:15 Ballistics
40:42 Elite Skirmisher
43:42 Fortified Wall
43:30 Murder Holes
44:28 Leather Archer Armor
49:22 Imperial Age
47:28 Guard Tower
47:48 Masonry
50:10 Bracer
51:17 Chemistry
51:50 Ring Archer Armor
51:58 Halberdier
54:43 Plate Mail Armor
55:43 Blast Furnace
[ITCF]yuli
11:20 Feudal Age
14:42 Castle Age
12:36 Loom
12:38 Horse Collar
12:50 Double-Bit Axe
13:52 Gold Mining
16:24 Bow Saw
18:17 Horse Collar
24:50 Wheelbarrow
28:51 Imperial Age
27:52 Gold Shaft Mining
27:34 Hand Cart
27:30 Scale Barding Armor
27:50 Bloodlines
27:40 Husbandry
28:07 Town Watch
28:51 Chain Barding Armor
28:42 Forging
28:31 Cavalier
30:51 Plate Barding Armor
30:21 Savar
33:07 Iron Casting
35:06 Blast Furnace
34:29 Conscription
40:29 Light Cavalry
41:26 Caravan
43:15 Hussar
43:46 Heavy Camel Rider
[ITCF]TANK
10:46 Feudal Age
12:23 Loom
16:29 Castle Age
16:26 Double-Bit Axe
16:23 Horse Collar
24:42 Heavy Plow
25:56 Bow Saw
27:41 Wheelbarrow
27:44 Heavy Plow
27:37 Gold Mining
28:01 Stone Mining
30:16 Hand Cart
30:40 Gold Shaft Mining
31:07 Town Watch
34:30 Imperial Age
31:56 Fletching
32:06 Padded Archer Armor
32:28 Ballistics
31:55 Pikeman
32:35 Squires
32:21 Arson
32:35 Bodkin Arrow
33:54 Leather Archer Armor
33:42 Scale Mail Armor
33:52 Forging
33:59 Treadmill Crane
35:36 Chain Mail Armor
35:58 Iron Casting
35:26 Bracer
35:57 Ring Archer Armor
36:03 Iron Casting
35:57 Conscription
36:51 Chemistry
35:37 Halberdier
36:50 Plate Mail Armor
38:34 Blast Furnace
38:11 Town Patrol
38:11 Elite Longbowman
40:15 Two-Man Saw
39:51 Yeomen
41:07 Caravan
41:27 Siege Engineers
44:15 Man-at-Arms
44:40 Gambesons
46:47 Long Swordsman
47:53 Two-Handed Swordsman
49:14 Murder Holes
49:30 Masonry
48:53 Champion
50:55 Fortified Wall
51:16 Architecture
52:53 Hoardings
Connection lost

Rejoining the realm…

Still unreachable

The connection could not be restored.

Session expired

The server has moved on; the page needs a fresh start.